 Dungeon Crawl Stone Soup version 0.31-a0-702-gf82c85558f (webtiles) character file.

Game seed: 1144626949168822885

49 qw the Shooter (level 3, 0/23 HPs)
             Began as a Gargoyle Hunter on Sept 7, 2023.
             Slain by a goblin
             ... wielding a +0 club
             ... led by Robin
              (6 damage)
             ... on level 2 of the Dungeon.
             The game lasted 00:00:22 (941 turns).

qw the Shooter (Gargoyle Hunter)                     Turns: 941, Time: 00:00:22

Health: 0/23       AC:  6    Str: 14    XL:     3   Next: 77%
Magic:  3/3        EV: 11    Int:  9    God:
Gold:   52         SH:  0    Dex: 15    Spells: 2/2 levels left

rFire   . . .        Y - +0 shortbow
rCold   . . .        (shield currently unavailable)
rNeg    + . .        c - +0 leather armour
rPois   inf          (no helmet)
rElec   +            (no cloak)
rCorr   .            (no gloves)
SInv    .            (no boots)
Will    .....        (no amulet)
Stlth   ++           (no ring)
HPRegen 0.23/turn    (no ring)
MPRegen 0.08/turn

%: no passive effects
@: no status effects
A: sickness immunity, AC +3, negative energy resistance 1, electricity
resistance, torment resistance 1, petrification resistance
a: no special abilities


You were on level 2 of the Dungeon.
You visited 1 branch of the dungeon, and saw 2 of its levels.

You collected 52 gold pieces.


Innate Abilities, Weirdness & Mutations

You are immune to sickness and miasma.
Your stone body is resilient. (AC +3)
You are immune to poison.
You resist negative energy. (rN+)
You are resistant to electric shocks. (rElec)
You are resistant to unholy torment.
You are immune to petrification.


   Skills:
 - Level 3.0 Fighting
 + Level 5.0 Ranged Weapons
 - Level 1.5 Dodging
 - Level 1.1 Stealth


You had 2 spell levels left.
You didn't know any spells.
Your spell library was empty.

Inventory:

Hand Weapons
 Y - a +0 shortbow (weapon)
Armour
 c - a +0 leather armour (worn)
Potions
 d - a potion of curing {unknown}
 e - a potion of invisibility {unknown}
 i - a potion of berserk rage {unknown}
 j - a potion of degeneration {unknown}

Dungeon Overview and Level Annotations

Branches:
Dungeon (2/15)

Altars:

Shops:
D:1 [

Annotations:
D:2 Robin


Message History

An adder comes into view.
You shoot an arrow. The arrow closely misses the hobgoblin.
The adder hisses angrily.
The arrow hits Robin!
Robin is heavily wounded.
The goblin hits you with a +0 club.
The hobgoblin hits you but does no damage.
An endoplasm comes into view.
You shoot an arrow. The endoplasm quivers.
The arrow hits the hobgoblin.
The hobgoblin is moderately wounded.
The goblin closely misses you. The hobgoblin misses you.
Robin roars a battlecry!
The goblin goes into a battle-frenzy!
The goblin barely misses you.
The hobgoblin hits you but does no damage.
You hear a shout!
You shoot an arrow. The arrow barely misses the hobgoblin.
The arrow hits Robin.
Robin is almost dead.
The goblin hits you but does no damage. The hobgoblin completely misses you.
You shoot an arrow. The arrow hits the hobgoblin!
You kill the hobgoblin!
The goblin barely misses you. The goblin hits you with a +0 dagger.
Your Fighting skill increases to level 3!
You shoot an arrow. The arrow hits the goblin!
You kill the goblin!
The goblin hits you but does no damage. x2
You shoot an arrow. The arrow barely misses Robin.
The arrow hits the hobgoblin.
The hobgoblin is severely wounded.
The goblin closely misses you. Robin throws the goblin at you!
The goblin hits you with a +0 dagger.
You shoot an arrow.
The arrow hits Robin but does no damage.
Robin is almost dead.
The goblin closely misses you. The goblin barely misses you.
Robin hits you with a +0 whip. The goblin hits you with a +0 dagger.
A goblin comes into view. It is wielding a +0 dagger.
The goblin hits you but does no damage. The goblin hits you with a +0 club.
You die...

#......#.####..#
#...%..........#
#.......)......# ###
#........#.....#...
#####.#.........#..#.#
...<#.##.####........#
###......# ##.#...###
#.#.#..# #..ggg.#
#.#.#..# #..#@#.#
#.#.#..# #..#g# #
.<... .. ....Jg. ###.#
...##..### ..# ?...
#.g ## ... .... ..
###. #.


You could see Robin, an endoplasm, a hobgoblin (strong) and 4 goblins.

Vanquished Creatures
  A gnoll (D:1)
  An adder (D:2)
  3 bats
  4 endoplasms (D:1)
  A giant cockroach (D:1)
  2 hobgoblins
  3 kobolds
  2 quokkas (D:1)
  3 ball pythons (D:1)
  6 goblins (D:2)
  4 rats (D:1)
30 creatures vanquished.

Notes
Turn   | Place    | Note
-------+----------+-------------------------------------------
     0 | D:1      | qw the Gargoyle Hunter began the quest for the Orb.
     0 | D:1      | Reached XP level 1. HP: 12/12 MP: 1/1
     0 | D:1      | 0 ||| qw: Version: 0.3-a-76-g4403597
     0 | D:1      | 0 ||| qw: Game counter: 812
     0 | D:1      | 0 ||| qw: Melee chars always use a shield: true
     0 | D:1      | 0 ||| qw: God list: Okawaru
     0 | D:1      | 0 ||| qw: Allow faded altars: false
     0 | D:1      | 0 ||| qw: Do Orc after clearing Dungeon:15 true
     0 | D:1      | 0 ||| qw: Do second Lair branch before Depths: true
     0 | D:1      | 0 ||| qw: Lair rune preference: random
     0 | D:1      | 0 ||| qw: Goals: Normal
     0 | D:1      | 0 ||| PLANNING D:1-11
    81 | D:1      | Reached XP level 2. HP: 17/17 MP: 2/2
   508 | D:1      | 508 ||| READING scroll labelled DUD JEKHLIZACH.
   509 | D:1      | 509 ||| READING scroll labelled MEINGU FENI.
   510 | D:1      | 510 ||| READING scroll labelled COIRAU YMUOMO.
   511 | D:1      | 511 ||| READING scroll labelled ETOEHE SELUO.
   518 | D:1      | Reached XP level 3. HP: 21/21 MP: 3/3
   579 | D:1      | Reached skill level 5 in Ranged Weapons
   764 | D:1      | Found Fieromna's Armour Shoppe.
   774 | D:1      | 774 ||| SHOPLISTING +0 ring mail (44 gold, have 36).
   868 | D:1      | 868 ||| READING scroll labelled IVIAM RUSIMETZ.
   869 | D:1      | 869 ||| DROPPING scroll of butterflies.
   924 | D:2      | Noticed Robin
   939 | D:2      | Reached skill level 3 in Fighting
   941 | D:2      | Slain by a goblin

Levels and vault maps discovered:
D:1:      saegor_arrival_under_anarchy, layout_rooms, serial_co_window_serial,
          co_window_of_opportunity_a, co_window_paths_a, co_window_corner_a,
          co_window_of_opportunity_a, co_window_paths_a, co_window_corner_b,
          co_window_corner_ca, co_window_broadway_a, co_window_of_opportunity_c,
          co_window_broadway_c, co_window_broadway_b, co_window_corner_ca,
          co_window_paths_d, glass_columns_a, glass_columns_a, glass_columns_c,
          glass_columns_a, glass_columns_a, serial_shops, shop,
          minmay_misc_feat_pillars
D:2:      layout_basic, nicolae_ecumenical_snake_handling, uniq_robin

Skill      XL: |  1  2  3 |
---------------+----------+-----
Ranged Weapons | 5 |  5.0
Fighting       | 3 |  3.0
Dodging        | |  1.5
Stealth        | |  1.1

Action                     || total
---------------------------++-------
   Fire: Shortbow          ||    86
    Use: Scroll            ||     5
 Armour: Leather armour    ||    30
  Dodge: Dodged            ||    40

Table legend:
 A = Non-vault XP
 B = Vault XP
 C = Vault XP percentage of total XP
 D = Non-vault monster count
 E = Vault monster count
 F = Vault count percentage of total count
                 A         B        C        D         E       F
            +---------+---------+-------+---------+---------+-------
      Total |      62 |       9 |  12.7 |      25 |       5 |  16.7
            +---------+---------+-------+---------+---------+-------
        D:1 |      44 |       0 |   0.0 |      20 |       0 |   0.0
        D:2 |      18 |       9 |  33.3 |       5 |       5 |  50.0
            +---------+---------+-------+---------+---------+-------
